 Dungeon Crawl Stone Soup version 0.29.1-12-g30fa7ad0bf (webtiles) character file.

Game seed: 2874602065733521517

18 Labrat the Conjurer (level 3, -4/26 HPs)
             Began as a Meteoran Conjurer on Jan 14, 2023.
             Slain by a goblin
             ... wielding a +0 dagger
             ... led by Robin
              (6 damage)
             ... on level 1 of the Dungeon.
             The game lasted 00:02:45 (268 turns).

Labrat the Conjurer (Meteoran Conjurer)              Turns: 268, Time: 00:02:46

Health: -4/26      AC:  2    Str:  8    XL:     3   Next: 5%
Magic:  1/8        EV: 12    Int: 22    God:
Gold:   14         SH:  0    Dex: 12    Spells: 5/8 levels left

rFire   . . .      SeeInvis .   (no weapon)
rCold   . . .      Faith    .   (no shield)
rNeg    . . .      Spirit   .   a - +0 robe
rPois   .          Reflect  .   (no helmet)
rElec   .          Harm     .   (no cloak)
rCorr   .          Rampage  .   (no gloves)
Will    .....                   (no boots)
Stlth   +.........              (no amulet)
HPRegen 0.08/turn               (no ring)
MPRegen 0.11/turn               (no ring)

@: glowing
A: sense surroundings 1, otherworldly, glowing, explore regen
a: no special abilities


You were on level 1 of the Dungeon.
You visited 1 branch of the dungeon, and saw 2 of its levels.

You collected 14 gold pieces.

Inventory:

Armour
 a - a +0 robe (worn)
Scrolls
 d - a scroll of fear {unknown}
 e - 3 scrolls of butterflies {unknown}
 f - a scroll of enchant weapon {unknown}
Potions
 b - a potion of magic
 c - a potion of curing {unknown}


   Skills:
 - Level 2.4 Dodging
 - Level 1.4 Stealth
 + Level 3.4 Spellcasting
 + Level 5.2 Conjurations


You had 5 spell levels left.
You knew the following spells:

 Your Spells              Type           Power      Damage    Failure   Level
a - Magic Dart            Conj           100%       1d8       1%          1
b - Searing Ray           Conj           52%        2d6       1%          2

Your spell library contained the following spells:

 Spells                   Type           Power      Damage    Failure   Level
 Dazzling Flash           Conj/Hex       30%        N/A       12%         3
 Fulminant Prism          Conj/Hex       7%         3d7       38%         4
 Iskenderun's Mystic Bla  Conj/Tloc      15%        2d5       38%         4


Dungeon Overview and Level Annotations

Branches:
Dungeon (2/15) Zot: 929

Altars:

Annotations:
D:2 Robin


Innate Abilities, Weirdness & Mutations

You passively map a small area around you.
You are easily found by Zot.
You glow in the dark.
You regain HP and MP as you explore.


Message History

Casting: Magic Dart (safe; 1% risk of failure)
Confirm with . or Enter, or press ? or * to list all spells.
Aiming: Searing Ray (safe; 2% risk of failure)
Press: ? - help, Shift-Dir - straight line, f - goblin
Aim: a goblin, wielding a +0 club (strong, 72% to hit)
The searing ray hits the goblin!
You kill the goblin!
The searing ray hits the hobgoblin.
You kill the hobgoblin!
The searing ray hits Robin.
Robin is moderately wounded.
The searing ray hits the goblin.
You kill the goblin! (Press . to maintain the ray.)
A goblin comes into view. It is wielding a +0 club.
You have reached level 3!
Your experience leads to an increase in your attributes!
Increase (S)trength, (I)ntelligence, or (D)exterity?
You feel clever. x3
The searing ray hits Robin.
Robin is heavily wounded.
The searing ray misses the goblin.
Robin throws the goblin at you!
Unknown command.
The searing ray misses Robin.
The goblin hits you with a +0 dagger.
Robin hits you from afar with a +2 vampiric spear!
Robin draws strength from your wounds!
Your magical contamination has completely faded away.
Unknown command.
Without enough magic to sustain it, your searing ray dissipates.
The goblin hits you with a +0 dagger.
* * * LOW HITPOINT WARNING * * *
Unknown command.
The goblin barely misses you.
Robin hits you from afar with a +2 vampiric spear.
* * * LOW HITPOINT WARNING * * *
You climb upwards.
There is a stone staircase leading down here.
Unknown command.
You closely miss the goblin. The goblin hits you with a +0 dagger.
You die...

, #.# #.# !# #.# * , .# * #
#.# * ..## ## ##.# ###... ,
.## ##..#### ##.#.#
..####......########....###
..'............g@..†......+
..####.......####.......# ,
.## ##......# #.###.).# ,
## ###...## #.# #..$..# , #
##.## #.#*#...#.# , #.# #.#
....# # #.# #.#*...## #.#
#.# .... *#. #.#.#


You could see a goblin (strong).

Vanquished Creatures
  A dart slug (D:1)
  A ball python (D:1)
  An endoplasm (D:1)
  5 goblins
  A hobgoblin (D:2)
  2 jackals (D:1)
  2 rats (D:1)
13 creatures vanquished.

Notes
Turn   | Place    | Note
-------+----------+-------------------------------------------
     0 | D:1      | Labrat the Meteoran Conjurer began the quest for the Orb.
     0 | D:1      | Reached XP level 1. HP: 14/14 MP: 5/5
   113 | D:1      | Reached skill level 5 in Conjurations
   113 | D:1      | Reached XP level 2. HP: 20/20 MP: 5/7
   250 | D:2      | Identified the -1 helmet of Qijipia {Stlth+}
   250 | D:2      | Noticed Robin
   260 | D:1      | Learned a level 2 spell: Searing Ray
   263 | D:2      | Reached XP level 3. HP: 20/26 MP: 2/8
   266 | D:2      | HP: 1/26 [Robin/+2 vampiric spear (4)]
   268 | D:1      | Slain by a goblin

Illustrated notes

Levels and vault maps discovered:
D:1:      wander_arrival_abandoned_jail, layout_loops_corners,
          basic_ecumenical_altar, supply_closet_lemuel
D:2:      minmay_general_purpose_star, layout_loops_ring, uniq_robin

Skill      XL: |  1 |
---------------+----+-----
Spellcasting   | 3 |  3.4
Conjurations   | 5 |  5.2
Dodging        | |  2.4
Stealth        | |  1.4

Action                   || total
-------------------------++-------
Melee: Unarmed           ||     1
 Cast: Magic Dart        ||    16
       Searing Ray       ||     1
Armor: Robe              ||     4
Dodge: Dodged            ||     2
